 Dungeon Crawl Stone Soup version 0.23-a0-4-g8f018a2 (webtiles) character file.

184 prawnwizard the Slasher (level 5, -2/39 HPs)
             Began as a Demonspawn Gladiator on July 31, 2018.
             Slain by Grinder (3 damage)
             ... on level 4 of the Dungeon.
             The game lasted 00:03:42 (2923 turns).

prawnwizard the Slasher (Demonspawn Gladiator)      Turns: 2923, Time: 00:03:42

Health: -2/39      AC: 10    Str: 15    XL:     5   Next: 36%
Magic:  0/5        EV: 11    Int:  9    God:
Gold:   143        SH:  0    Dex: 15    Spells: 4/4 levels left

rFire    + . .     SeeInvis .   a - +0 long sword
rCold    x . .     Gourm    .   (no shield)
rNeg     . . .     Faith    .   r - +0 scale mail
rPois    .         Spirit   +   c - +0 helmet
rElec    .         Reflect  .   (no cloak)
rCorr    .         Harm     .   (no gloves)
MR       .....                  g - +0 pair of boots
Stlth    ..........             t - amulet of regeneration
HPRegen  0.53/turn              n - ring of fire
MPRegen  0.09/turn              (no ring)

@: no status effects
A: yellow scales 1, magic shield
a: no special abilities


You were on level 4 of the Dungeon.
You were hungry.

You visited 1 branch of the dungeon, and saw 4 of its levels.

You collected 143 gold pieces.

Inventory:

Hand Weapons
 a - a +0 long sword (weapon)
Missiles
 d - 3 throwing nets (quivered)
Armour
 b - a +0 leather armour
 c - a +0 helmet (worn)
 g - a +0 pair of boots (worn)
 q - a +1 buckler of fire resistance
 r - a +0 scale mail (worn)
Jewellery
 n - a ring of fire (left hand)
 t - an amulet of regeneration (around neck)
 v - an uncursed amulet of magic regeneration
Wands
 p - a wand of polymorph (17)
Scrolls
 e - 10 scrolls of identify {unknown}
 h - 3 scrolls of remove curse {unknown}
 s - 2 scrolls of amnesia {unknown}
 u - a scroll of fog {unknown}
 w - a scroll of enchant armour {unknown}
 x - a scroll of teleportation {unknown}
 y - a scroll of blinking {unknown}
Potions
 i - 2 potions of flight {unknown}
 j - 4 potions of curing {unknown}
 k - 2 potions of might {unknown}
 m - a potion of mutation {unknown}
 o - a potion of haste {unknown}
Comestibles
 f - 7 rations


   Skills:
 + Level 2.3 Fighting
 * Level 4.8 Long Blades
 - Level 1.7 Throwing
 + Level 1.1 Armour
 + Level 3.3 Dodging
 + Level 0.3 Stealth


You had 4 spell levels left.
You didn't know any spells.
Your spell library was empty.

Dungeon Overview and Level Annotations

Branches:
Dungeon (4/15)
 Temple: D:4-7

Altars:

Annotations:
D:3 1 runed door, HoboKiller's ghost, amateur DgSk
D:4 Grinder


Innate Abilities, Weirdness & Mutations

You are partially covered in yellow scales. (AC +2)
When hurt, damage is shared between your health and your magic reserves.


Message History

Grinder hits you!
* * * LOW HITPOINT WARNING * * *
You writhe in agony.
* * * LOW HITPOINT WARNING * * *
Unknown command.
You hit Grinder.
Grinder is severely wounded.
Grinder closely misses you.
You riposte.
You slash Grinder!
Grinder is almost dead.
You barely miss Grinder.
Grinder is almost dead.
Grinder hits you.
* * * LOW HITPOINT WARNING * * *
Unknown command.
You hit Grinder but do no damage.
Grinder is almost dead.
Grinder hits you.
* * * LOW HITPOINT WARNING * * *
You writhe in agony.
You die...

..# ########.#
#.......$# #
#........##.#
#....<......#
#..........####
##.........#
#..###+##5# ##
#..@.# ####.#
#.# #.# #.# #.#
#.# #.# #..


You could see Grinder.

Vanquished Creatures
  5 adders
  5 gnolls
  2 worms
  A leopard gecko (D:2)
  A ball python (D:1)
  3 giant cockroaches
  12 goblins
  11 hobgoblins
  7 jackals
  8 kobolds
  7 bats
  13 frilled lizards
  9 rats
84 creatures vanquished.

Notes
Turn   | Place    | Note
-------+----------+-------------------------------------------
     0 | D:1      | prawnwizard the Demonspawn Gladiator began the quest for the Orb.
     0 | D:1      | Reached XP level 1. HP: 16/16 MP: 1/1
    71 | D:1      | Reached skill level 3 in Long Blades
    78 | D:1      | Gained mutation: You are partially covered in yellow scales. (AC +2) [demonic ancestry]
    78 | D:1      | Reached XP level 2. HP: 19/22 MP: 2/2
   288 | D:1      | Gained mutation: When hurt, damage is shared between your health and your magic reserves. [demonic ancestry]
   288 | D:1      | Reached XP level 3. HP: 25/27 MP: 3/3
   916 | D:2      | Reached skill level 4 in Long Blades
   916 | D:2      | Reached XP level 4. HP: 24/33 MP: 2/4
  1866 | D:2      | Reached skill level 1 in Armour
  1879 | D:2      | Reached XP level 5. HP: 19/39 MP: 2/5
  2375 | D:3      | Found a runed door.
  2417 | D:3      | Noticed HoboKiller's ghost (amateur DgSk)
  2893 | D:4      | Noticed Grinder
  2899 | D:4      | Paralysed by Grinder for 3 turns
  2910 | D:4      | Paralysed by Grinder for 4 turns
  2922 | D:4      | HP: 1/39 [Grinder (5)]
  2923 | D:4      | Slain by Grinder

Vault maps used:
D:1:      ncdulo_watergridlock
D:2:      minmay_diamond_boxcup, kennysheep_doodads
D:3:      first_ration, ebering_ghost_sewer_d, kennysheep_generic_room_4
D:4:      kennysheep_mini_moat, gammafunk_temple_overflow_elements,
          minmay_temple_entry_glass, kennysheep_slug_shrine, uniq_ijyb,
          uniq_grinder, uniq_robin

Skill      XL: |  1  2  3  4 |
---------------+-------------+-----
Long Blades    | 3 4 |  4.8
Dodging        | 3 |  3.3
Armour         | 1 |  1.1
Fighting       | |  2.3
Throwing       | |  1.7
Stealth        | |  0.3

Action                   |  1- 3 |  4- 6 || total
-------------------------+-------+-------++-------
Melee: Long sword        |    86 |   161 ||   247
 Stab: Sleeping          |       |     2 ||     2
  Eat: Chunk             |       |     6 ||     6
Armor: Leather armour    |    36 |    37 ||    73
       Scale mail        |       |    36 ||    36
Dodge: Dodged            |   110 |   125 ||   235
       Rpst.: Long sword |    36 |    42 ||    78

Table legend:
 A = Spawn XP
 B = Non-spawn XP
 C = Spawn XP percentage of total XP
 D = Spawn monster count
 E = Non-spawn monster count
 F = Spawn count percentage of total count
 G = Total turns spent on level
                    A         B        C        D         E        F      G
               +---------+---------+-------+---------+---------+-------+---------
         Total |       0 |     263 |   0.0 |       0 |      84 |   0.0 |  2923
               +---------+---------+-------+---------+---------+-------+---------
           D:1 |       0 |      65 |   0.0 |       0 |      33 |   0.0 |  1077
           D:2 |       0 |     143 |   0.0 |       0 |      32 |   0.0 |  1102
           D:3 |       0 |      50 |   0.0 |       0 |      18 |   0.0 |   701
           D:4 |       0 |       5 |   0.0 |       0 |       1 |   0.0 |    43
               +---------+---------+-------+---------+---------+-------+---------
